 Dungeon Crawl Stone Soup version 0.17.1-1-g73c8601 (webtiles) character file.

333 JustSomeDude the Insei (level 6, 45/48 HPs)
             Began as a Demonspawn Monk on Dec 29, 2015.
             Was a Believer of Vehumet.
             Quit the game on level 3 of the Dungeon.
             The game lasted 00:06:59 (2769 turns).

JustSomeDude the Insei (Demonspawn Monk)            Turns: 2769, Time: 00:06:59

Health: 45/48      AC:  6    Str: 12    XL:     6   Next: 27%
Magic:  6/6        EV: 13    Int: 11    God:    Vehumet [**....]
Gold:   139        SH:  0    Dex: 21    Spells: 0 memorised, 5 levels left

rFire  . . .     SeeInvis .     f - +2 hand axe (elec)
rCold  . . .     Clarity  .     d - +0 ring mail
rNeg   . . .     SustAt   .     (no shield)
rPois  .         Gourm    .     (helmet restricted)
rElec  .         Spirit   .     k - +0 cloak
rCorr  .         Warding  .     (no gloves)
rMut   .         Stasis   .     (no boots)
MR     .....                    (no amulet)
Stlth  +++.......               (no ring)
                                (no ring)

@: not resistant to hostile enchantments, fairly stealthy
A: antennae 1, thin skeletal structure 2
a: Renounce Religion


You were on level 3 of the Dungeon.
You worshipped Vehumet.
Vehumet was pleased with you.
You were hungry.

You visited 1 branch of the dungeon, and saw 3 of its levels.

You collected 139 gold pieces.

Inventory:

Hand Weapons
 f - a +2 hand axe of electrocution (weapon)
Armour
 a - a +0 robe
 d - a +0 ring mail (worn)
 k - a +0 cloak (worn)
Jewellery
 m - a cursed ring of loudness {unknown}
 n - an uncursed amulet of warding {unknown}
 o - an uncursed ring of see invisible {unknown}
Scrolls
 c - 4 scrolls of identify {unknown}
 e - a scroll of teleportation {unknown}
 i - a scroll of remove curse {unknown}
 l - a scroll of fear {unknown}
Potions
 g - a potion of might {unknown}
 h - a potion of cure mutation {unknown}
 j - 2 potions of degeneration {unknown}
Comestibles
 b - 4 bread rations
 p - 2 meat rations


   Skills:
 + Level 4.0 Fighting
 + Level 1.0 Axes
 + Level 2.1 Armour
 + Level 3.9 Dodging
 + Level 2.5 Stealth
 + Level 4.6 Unarmed Combat


You had 5 spell levels left.
You didn't know any spells.

Dungeon Overview and Level Annotations

Branches:
Dungeon (3/15)

Altars:
Elyvilon
Vehumet


Innate Abilities, Weirdness & Mutations

You have a pair of small antennae on your head.
You have a moderately thin skeletal structure (Dex +4, Stealth+).


Message History

The giant newt closely misses you.
Unknown command.
You hit the giant newt.
There is a sudden explosion of sparks!
You kill the giant newt!
Unknown command.
No target in view!
Unknown command.
No target in view!
Unknown command.
No target in view!
Unknown command.
This altar will convert you to a god.
You cannot discern which.
Do you pray? Vehumet accepts your prayer! Vehumet welcomes you!
You can now gain magical power from killing.
Vehumet offers you knowledge of Flame Tongue.
Unknown command.
Okay, then.
Unknown command.
Are you sure you want to abandon this character and quit the game? (Confirm with "yes".)

. ... ... # #
.# # #.#.##
.# # #.#.#$..
.#.#
#.....#.####
....
...........#
.###
.......#†..#
.# ..b #@#..#
.#
.......#...#
.# #.#
>..........#
.# #.#
##...#.###.#
.# #.# #####.
#.# ######.#
#.# #.#
....##.# #.#
#.# .##.##.#
#.# #.#
#.#.##.######
#.# #.#


There were no monsters in sight!

Vanquished Creatures
  The ghost of JustSomeDude the Insei, an amateur DsMo (D:3)
  An ogre (D:3)
  A crimson imp (D:3)
  An orc wizard (D:3)
  3 adders
  A gnoll (D:1)
  2 oozes
  3 worms
  4 orcs (D:3)
  2 ball pythons (D:1)
  2 bats (D:3)
  4 goblins
  5 hobgoblins
  10 jackals
  3 quokkas (D:2)
  2 giant cockroaches (D:1)
  A giant gecko (D:2)
  7 giant newts
  6 kobolds
  4 rats
63 creatures vanquished.

Vanquished Creatures (others)
  2 plants (D:1)
2 creatures vanquished.

Grand Total: 65 creatures vanquished

Notes
Turn   | Place    | Note
--------------------------------------------------------------
     0 | D:1      | JustSomeDude the Demonspawn Monk began the quest for the Orb.
     0 | D:1      | Reached XP level 1. HP: 18/18 MP: 1/1
   193 | D:1      | Gained mutation: You have a somewhat thin skeletal structure (Dex +2, Stealth). [demonic ancestry]
   193 | D:1      | Reached XP level 2. HP: 2/24 MP: 2/2
   817 | D:1      | Reached skill level 4 in Unarmed Combat
   842 | D:1      | Gained mutation: You have a pair of small antennae on your head. [demonic ancestry]
   842 | D:1      | Reached XP level 3. HP: 26/29 MP: 3/3
  1381 | D:2      | Found a white marble altar of Elyvilon.
  1392 | D:2      | Reached skill level 1 in Armour
  1950 | D:2      | Reached XP level 4. HP: 35/35 MP: 4/4
  2232 | D:3      | Gained mutation: You have a moderately thin skeletal structure (Dex +4, Stealth+). [demonic ancestry]
  2232 | D:3      | Reached XP level 5. HP: 29/42 MP: 5/5
  2415 | D:3      | Noticed an ogre
  2428 | D:3      | Noticed JustSomeDude's ghost (amateur DsMo)
  2428 | D:3      | Killed an ogre
  2442 | D:3      | Killed JustSomeDude's ghost
  2442 | D:3      | Reached skill level 1 in Axes
  2442 | D:3      | Reached XP level 6. HP: 13/48 MP: 6/6
  2754 | D:3      | Found a faded altar to an unknown god.
  2769 | D:3      | Became a worshipper of Vehumet
  2769 | D:3      | Reached * piety under Vehumet
  2769 | D:3      | Offered knowledge of Flame Tongue by Vehumet.
  2769 | D:3      | Reached ** piety under Vehumet
  2769 | D:3      | Quit the game

Action                   |  1- 3 |  4- 6 || total
-------------------------+-------+-------++-------
Melee: Unarmed           |   158 |       ||   158
       Hand axe          |     2 |    91 ||    93
 Stab: Sleeping          |     4 |     2 ||     6
       Distracted        |     1 |       ||     1
  Eat: Chunk             |     2 |     2 ||     4
       Pizza             |     1 |       ||     1
